AoeStats
← calexzp

Arena

508618218Analyzed
2v2 RM · 10d ago on Sep 23, 2026· 97m 18s· 4 players
Game mode
Random Map
Map size
Medium (4 player)
Population
200
Speed
Normal
Resources
Standard
Victory
Conquest
Starting age
Dark Age
Ending age
Imperial Age
RankedLock teamsTeams togetherTeam positionsShared explorationLock speedFull tech treeHidden civsTurbo modeCheats
Victory
Defeat
🇨🇳 Bohemians · China
852
+14
🇭🇰 Magyars · Hong Kong SAR China
850
+14
🇲🇽 Cumans · Mexico
800
-14
🇲🇽 Japanese · Mexico
799
-14
手抓羊排
10:20 Feudal Age
11:31 Loom
14:25 Castle Age
13:37 Double-Bit Axe
14:49 Horse Collar
26:27 Fletching
31:15 Fervor
34:05 Squires
35:24 Wheelbarrow
35:13 Bow Saw
35:06 Heavy Plow
36:00 Wagenburg Tactics
39:59 Imperial Age
38:39 Chemistry
38:00 Ballistics
38:20 Sanctity
37:49 Town Watch
38:21 Hand Cart
38:36 Masonry
38:37 Fortified Wall
41:20 Town Watch
44:00 Chemistry
43:26 Padded Archer Armor
45:09 Conscription
44:14 Elite Hussite Wagon
46:36 Town Patrol
47:18 Leather Archer Armor
48:29 Two-Man Saw
47:56 Houfnice
50:57 Siege Engineers
50:48 Murder Holes
53:09 Elite Skirmisher
55:01 Ring Archer Armor
54:26 Bodkin Arrow
60:23 Bracer
71:42 Pikeman
72:36 Forging
72:27 Scale Mail Armor
72:13 Halberdier
73:44 Arson
73:50 Arson
74:42 Iron Casting
74:22 Chain Mail Armor
78:25 Blast Furnace
77:55 Plate Mail Armor
1997w.q.
12:02 Feudal Age
12:48 Loom
16:09 Castle Age
14:43 Horse Collar
14:51 Double-Bit Axe
24:37 Heavy Plow
25:33 Bow Saw
26:00 Gold Mining
26:02 Stone Mining
28:07 Husbandry
28:18 Bloodlines
27:34 Light Cavalry
29:16 Wheelbarrow
31:37 Hand Cart
34:35 Imperial Age
33:38 Scale Barding Armor
34:59 Chain Barding Armor
36:09 Gold Shaft Mining
35:56 Thumb Ring
36:17 Parthian Tactics
35:23 Heavy Cavalry Archer
36:51 Ballistics
37:09 Crop Rotation
38:25 Plate Barding Armor
37:17 Cavalier
38:22 Padded Archer Armor
38:13 Fletching
39:31 Chemistry
38:46 Cavalier
42:19 Conscription
43:48 Leather Archer Armor
43:29 Bodkin Arrow
44:37 Hussar
46:56 Conscription
46:41 Recurve Bow
57:41 Ring Archer Armor
57:11 Bracer
64:38 Bracer
68:13 Masonry
68:09 Siege Engineers
68:00 Murder Holes
70:52 Two-Man Saw
GENTE DEL CDN
11:34 Feudal Age
12:02 Double-Bit Axe
14:29 Horse Collar
14:44 Man-at-Arms
16:31 Scale Mail Armor
17:37 Forging
19:25 Wheelbarrow
24:00 Castle Age
23:48 Gold Mining
25:30 Bow Saw
25:38 Hand Cart
26:10 Heavy Plow
27:33 Iron Casting
27:14 Chain Mail Armor
29:09 Squires
31:17 Gold Shaft Mining
30:56 Fletching
31:07 Padded Archer Armor
38:59 Imperial Age
37:59 Stone Mining
42:26 Elite Samurai
43:28 Conscription
44:11 Blast Furnace
43:42 Plate Mail Armor
45:28 Elite Skirmisher
46:36 Leather Archer Armor
46:17 Bodkin Arrow
46:53 Thumb Ring
46:54 Treadmill Crane
47:35 Ballistics
48:15 Chemistry
47:49 Ring Archer Armor
48:37 Bracer
50:03 Pikeman
58:52 Two-Man Saw
74:54 Loom
calexzp
5:07 Loom
10:23 Feudal Age
12:33 Double-Bit Axe
12:30 Horse Collar
24:54 Gold Mining
25:03 Stone Mining
26:57 Wheelbarrow
26:45 Fletching
29:16 Castle Age
27:07 Town Watch
33:44 Imperial Age
31:24 Murder Holes
31:54 Hand Cart
31:47 Town Patrol
32:06 Capped Ram
34:59 Bow Saw
34:19 Siege Ram
37:09 Conscription
37:25 Hoardings
37:15 Ballistics
37:55 Chemistry
37:12 Masonry
37:51 Heavy Plow
40:05 Bodkin Arrow
40:18 Scale Barding Armor
40:41 Elite Skirmisher
42:09 Thumb Ring
42:09 Padded Archer Armor
43:26 Two-Man Saw
45:42 Crop Rotation
45:51 Gold Shaft Mining
45:11 Cavalier
46:02 Bloodlines
45:24 Man-at-Arms
46:05 Squires
45:50 Arson
48:52 Paladin
50:24 Leather Archer Armor
50:30 Chain Barding Armor
50:21 Forging
52:33 Ring Archer Armor
51:34 Pikeman
52:18 Halberdier
56:04 Iron Casting
55:30 Scale Mail Armor
56:06 Plate Barding Armor
79:38 Light Cavalry
80:03 Light Cavalry
83:22 Hussar
Connection lost

Rejoining the realm…

Still unreachable

The connection could not be restored.

Session expired

The server has moved on; the page needs a fresh start.